 Dungeon Crawl Stone Soup version 0.24.0-1-gfbc8707122 (webtiles) character file.

Game seed: 13562768576134031049, levelgen mode: deterministic

48 Descartes the Skirmisher (level 4, 0/37 HPs)
             Began as a Formicid Abyssal Knight on Oct 27, 2019.
             Was a Follower of Lugonu.
             Succumbed to an adder's poison
             ... on level 2 of the Dungeon.
             The game lasted 00:07:00 (2074 turns).

Descartes the Skirmisher (Formicid Abyssal Knight)  Turns: 2074, Time: 00:07:01

Health: 0/37       AC:  3    Str: 18    XL:     4   Next: 0%
Magic:  5/5        EV: 11    Int: 11    God:    Lugonu [*.....]
Gold:   108        SH:  0    Dex: 10    Spells: 3/3 levels left

rFire    . . .     SeeInvis +   a - +1 hand axe
rCold    . . .     Gourm    .   (no shield)
rNeg     . . .     Faith    .   b - +0 leather armour
rPois    .         Spirit   .   (helmet unavailable)
rElec    .         Reflect  .   (no cloak)
rCorr    .         Harm     .   (no gloves)
MR       .....                  (no boots)
Stlth    +.........             (no amulet)
HPRegen  0.12/turn              (no ring)
MPRegen  0.09/turn              (no ring)

@: lethally poisoned (0 -> -12)
A: permanent stasis, dig shafts and tunnels, four strong arms, antennae 3
a: Dig, Shaft Self, Depart the Abyss, Renounce Religion


You were on level 2 of the Dungeon.
You worshipped Lugonu.
Lugonu was aware of your devotion.
You were not hungry.

You visited 1 branch of the dungeon, and saw 2 of its levels.
You visited the Abyss 1 time.

You collected 108 gold pieces.

Inventory:

Hand Weapons
 a - a +1 hand axe (weapon)
Missiles
 e - 9 atropa-tipped darts (quivered)
 f - 46 stones
 o - 8 javelins
Armour
 b - a +0 leather armour (worn)
 h - a +0 ring mail
Wands
 d - a wand of digging (6)
Scrolls
 i - a scroll of amnesia {unknown}
 j - a scroll of fog {unknown}
 l - 2 scrolls of identify {unknown}
 q - a scroll of immolation {unknown}
Potions
 g - a potion of resistance {unknown}
 k - a potion of flight {unknown}
 m - 2 potions of berserk rage {unknown}
 n - a potion of agility {unknown}
 r - a potion of magic {unknown}
 s - a potion of heal wounds {unknown}
Comestibles
 c - 8 rations


   Skills:
 + Level 4.0 Fighting
 + Level 2.3 Axes
 + Level 2.6 Armour
 + Level 1.2 Dodging
 - Level 0.6 Stealth
 + Level 2.5 Invocations
 + Level 0.9 Evocations


You had 3 spell levels left.
You didn't know any spells.
Your spell library was empty.

Dungeon Overview and Level Annotations

Branches:
Dungeon (2/15)

Altars:


Innate Abilities, Weirdness & Mutations

You cannot be hasted, slowed, berserked, paralysed or teleported.
You can dig through walls and to a lower floor.
Your four strong arms can wield two-handed weapons with a shield.
You have a pair of large antennae on your head. (SInv)


Message History

You are lethally poisoned!
The adder poisons you! The adder closely misses you.
You miss the adder.
The adder is severely wounded.
* * * LOW HITPOINT WARNING * * *
You feel sick. The adder misses you. x2
The adder bites you.
* * * LOW HITPOINT WARNING * * *
You are more poisoned.
The adder poisons you!
Welcome back, Descartes the Formicid Abyssal Knight.
Lugonu says: Spread carnage and corruption!
Press ? for a list of commands and other information.
Welcome back, Descartes the Formicid Abyssal Knight.
Lugonu says: Spread carnage and corruption!
Press ? for a list of commands and other information.
Okay, then.
* * * LOW HITPOINT WARNING * * *
You feel sick.
You die...

##....# #.# ...##.#
#.......# #.#
#.###.####.......# #.#
.........#.......# #รท#
..###.##.........# #.# .##
###........# #######.### .+
...........+ ..........+ .#
####.......##########.### .#
#.......S.@...........# .#
#.###.#...###########.#####
.# #...........#####......
.#
#.###..##+#####............
##
#..........................
.#######....................
#####.#
#....................
......#####
#....................
..........#
#.........)..........


You could see an adder.

Vanquished Creatures
  2 adders (D:2)
  A worm (D:2)
  3 leopard geckos
  A giant cockroach (D:1)
  3 goblins (D:1)
  A hobgoblin (D:1)
  3 jackals (D:2)
  A kobold (D:2)
  A ball python (D:2)
  3 bats
  5 frilled lizards
  2 rats (D:1)
26 creatures vanquished.

Vanquished Creatures (others)
  2 starspawn tentacles (Abyss:2)
2 creatures vanquished.

Grand Total: 28 creatures vanquished

Notes
Turn   | Place    | Note
-------+----------+-------------------------------------------
     0 | Abyss:1  | Descartes the Formicid Abyssal Knight began the quest for
                  | the Orb.
     0 | Abyss:1  | Reached XP level 1. HP: 18/18 MP: 2/2
    31 | Abyss:2  | Noticed a wretched star
    46 | Abyss:2  | Noticed a quasit
    75 | Abyss:2  | Noticed an iron imp
    76 | Abyss:2  | Noticed an ancient zyme
    79 | Abyss:2  | Noticed a tentacled starspawn
    89 | Abyss:2  | Noticed a large abomination
    94 | D:1      | Escaped the Abyss
   701 | D:1      | Reached XP level 2. HP: 13/25 MP: 3/3
   877 | D:1      | Reached * piety under Lugonu
  1311 | D:2      | Reached skill level 1 in Dodging
  1311 | D:2      | Reached XP level 3. HP: 30/30 MP: 4/4
  1971 | D:2      | Reached skill level 4 in Fighting
  1971 | D:2      | Reached XP level 4. HP: 28/37 MP: 5/5
  2073 | D:2      | HP: 1/37 [poisoned by an adder]
  2074 | D:2      | Succumbed to an adder's poison

Levels and vault maps discovered:
D:1:      sevenhm_arrival_forest_fort_large_2, layout_loops_corners,
          patterned_corridor
D:2:      layout_basic, minmay_hexomino_f4, uniq_natasha

Skill      XL: |  1  2  3 |
---------------+----------+-----
Dodging        | 1 |  1.2
Fighting       | 4 |  4.0
Axes           | |  2.3
Armour         | |  2.6
Stealth        | |  0.6
Invocations    | |  2.5
Evocations     | |  0.9

Action                   |  1- 3 |  4- 6 || total
-------------------------+-------+-------++-------
Melee: Hand axe          |    97 |    18 ||   115
Throw: Dart              |     1 |       ||     1
Invok: Depart the Abyss  |     1 |       ||     1
  Eat: Chunk             |     3 |     1 ||     4
Armor: Leather armour    |    36 |     6 ||    42
Dodge: Dodged            |    58 |    13 ||    71
